 Dungeon Crawl Stone Soup version 0.30-a0-743-gbfdf073431 (webtiles) character file.

Game seed: 4215704502690667730

758 mopl the Slasher (level 7, -9/55 HPs)
             Began as a Merfolk Fighter on Feb 7, 2023.
             Mangled by an ice beast (14 damage)
             ... on level 5 of the Dungeon.
             The game lasted 00:05:27 (4054 turns).

mopl the Slasher (Merfolk Fighter)                  Turns: 4054, Time: 00:05:27

Health: -9/55      AC:  8    Str: 18    XL:     7   Next: 80%
Magic:  7/7        EV: 10    Int:  7    God:
Gold:   250        SH:  5    Dex: 14    Spells: 6/6 levels left

rFire   . . .      SeeInvis .    a - +3 falchion (heavy)
rCold   . . .      Faith    .    c - +0 buckler
rNeg    . . .      Spirit   .    b - +0 scale mail
rPois   .          Reflect  .    o - +0 helmet
rElec   .          Harm     .    (no cloak)
rCorr   .          Rampage  .    (no gloves)
Will    .....                    (no boots) Stlth
                                 (no amulet)
HPRegen 0.29/turn                (no ring)
MPRegen 0.10/turn                (no ring)

@: no status effects
A: (nimble swimmer 2), mertail
a: no special abilities


You were on level 5 of the Dungeon.
You visited 2 branches of the dungeon, and saw 6 of its levels.

You collected 330 gold pieces.
You spent 80 gold pieces at shops.

Inventory:

Hand Weapons
 a - a +3 heavy falchion (weapon)
Missiles
 p - 5 boomerangs (quivered)
 A - 6 javelins
 C - 2 poisoned darts
 H - 3 curare-tipped darts
Armour
 b - a +0 scale mail (worn)
 c - a +0 buckler (worn)
 o - a +0 helmet (worn)
 u - +0 ice dragon scales
 D - a +0 plate armour
Wands
 F - a wand of iceblast (3)
Scrolls
 e - a scroll of enchant weapon {unknown}
 h - a scroll of amnesia {unknown}
 j - 2 scrolls of fear {unknown}
 k - a scroll of blinking {unknown}
 l - 2 scrolls of vulnerability {unknown}
 q - 2 scrolls of noise {unknown}
 s - a scroll of fog {unknown}
 t - 2 scrolls of identify {unknown}
 w - 3 scrolls of teleportation
 x - 2 scrolls of poison {unknown}
 y - a scroll of torment {unknown}
 B - a scroll of immolation {unknown}
 I - a scroll of acquirement {unknown}
 J - a scroll of enchant armour {unknown}
Potions
 d - a potion of might
 f - a potion of flight {unknown}
 g - 4 potions of curing
 i - a potion of ambrosia {unknown}
 m - 3 potions of brilliance {unknown}
 n - 2 potions of degeneration {unknown}
 r - 2 potions of cancellation {unknown}
 v - a potion of heal wounds {unknown}
 z - a potion of haste {unknown}
 E - a potion of lignification {unknown}
 G - a potion of attraction {unknown}


   Skills:
 + Level 4.9 Fighting
 * Level 6.4 Long Blades
 + Level 2.9 Throwing
 + Level 3.3 Armour
 + Level 4.1 Dodging
 - Level 3.0 Shields


You had 6 spell levels left.
You didn't know any spells.
Your spell library contained the following spells:

 Spells                   Type           Power      Damage    Failure   Level
 Sandblast                Erth           0%         2d4       88%         1
 Passwall                 Tmut/Erth      0%         N/A       96%         2
 Call Canine Familiar     Summ           0%         N/A       99%         3
 Ignite Poison            Fire/Tmut/Pois 0%         N/A       99%         3
 Kindle Blastsparks       Fire/Tloc/Air  0%         2d10      99%         3
 Portal Projectile        Hex/Tloc       0%         N/A       99%         3
 Stone Arrow              Conj/Erth      0%         3d7       99%         3
 Summon Guardian Golem    Hex/Summ       0%         N/A       99%         3
 Leda's Liquefaction      Hex/Erth       0%         N/A       100%        4
 Summon Ice Beast         Ice/Summ       0%         N/A       100%        4
 Freezing Cloud           Conj/Ice/Air   0%         6-21      100%        5
 Summon Mana Viper        Hex/Summ       0%         N/A       100%        5
 Monstrous Menagerie      Summ           0%         N/A       100%        7
 Orb of Destruction       Conj           0%         9d5       100%        7
 Spellforged Servitor     Conj/Summ      0%         N/A       100%        7


Dungeon Overview and Level Annotations

Branches:
Dungeon (5/15)             Temple (1/1) D:5

Altars:
Ashenzari
Cheibriados
Dithmenos
Gozag
Hepliaklqana
Kikubaaqudgha
Nemelex Xobeh
Qazlal
Ru
Sif Muna
Trog
Uskayaw
Vehumet
Wu Jian
Xom
Yredelemnul
Zin
The Shining One

Shops:
D:3 *

Annotations:
D:5 Dowan, Duvessa


Innate Abilities, Weirdness & Mutations

((You are very nimble when in or above water. (Stealth+, EV+, Speed+++)))
Your lower body shifts to a powerful aquatic tail in water.


Message History

Pain shoots through your body!
You slash Menkaure!
You destroy Menkaure!
The white imp gestures at you. The puff of frost hits you.
Your Dodging skill increases to level 4!
You closely miss the white imp.
The white imp hits you but does no damage.
You hit the white imp.
The white imp is heavily wounded.
The white imp hits you. The white imp freezes you.
The white imp hits you but does no damage.
You closely miss the white imp.
The white imp is moderately wounded.
The white imp closely misses you.
You slash the white imp!
You kill the white imp!
No target in view!
You start resting.
HP restored.
J - a scroll labelled LUACZI DAMM An ogre comes into view.
It is wielding a +0 giant club.
The ogre hits you with a +0 giant club!!
Ouch! That really hurt!
You are too injured to fight recklessly!
You are too injured to fight recklessly!
You are too injured to fight recklessly!
The ogre attacks as you move away! The ogre closely misses you.
Found a scroll labelled BURUR ALAKY.
An ice beast comes into view.
The ice beast hits you. The ice beast freezes you.
There is an escape hatch in the ceiling here.
You slash the ice beast!
The ice beast is heavily wounded.
The ice beast hits you. The ice beast freezes you!
* * * LOW HITPOINT WARNING * * *
The ice beast hits you.
* * * LOW HITPOINT WARNING * * *
The ice beast freezes you!
You die...

........#...#..##..........#
..........#......##..##....###
#................###.##.#..<.#
####..............##....##...#
##.#........................## #
#................#......#....###
##..#...........##.........#....
###......###...O.##......#.......
.##..#....##...Y@.#.....##..#....
....##...........................
##.#888###.....................##
##8...8.#............#........##
#8.>.8#..............>.........
#8...8.........................
####8.8#..........##..........†.#
#.#.#÷#............#.............
##.÷#..#..#......................


You could see an ice beast and an ogre.

Vanquished Creatures
  Eustachio (D:4)
  Menkaure (D:5)
  A howler monkey (D:5)
  2 jellies
  5 hounds
  2 iguanas (D:4)
  Robin (D:2)
  9 adders
  2 white imps (D:5)
  2 worms
  2 dart slugs
  4 ball pythons
  11 endoplasms
  3 giant cockroaches (D:1)
  15 goblins
  10 hobgoblins
  4 jackals (D:1)
  2 quokkas
  9 bats
  3 frilled lizards
  9 kobolds
  9 rats
107 creatures vanquished.

Vanquished Creatures (others)
  A demonic plant (D:2)
1 creature vanquished.

Grand Total: 108 creatures vanquished

Notes
Turn   | Place    | Note
-------+----------+-------------------------------------------
     0 | D:1      | mopl the Merfolk Fighter began the quest for the Orb.
     0 | D:1      | Reached XP level 1. HP: 18/18 MP: 1/1
   172 | D:1      | Reached XP level 2. HP: 22/24 MP: 2/2
   198 | D:1      | Reached skill level 1 in Dodging
   216 | D:1      | Reached skill level 3 in Long Blades
   291 | D:1      | Reached XP level 3. HP: 29/29 MP: 3/3
   941 | D:2      | Reached XP level 4. HP: 31/36 MP: 4/4
   993 | D:2      | Noticed Robin
  1004 | D:2      | Killed Robin
  1013 | D:2      | Reached skill level 1 in Throwing
  1504 | D:2      | Reached skill level 2 in Dodging
  1512 | D:2      | Reached skill level 4 in Long Blades
  1686 | D:2      | Found a faded altar of an unknown god.
  1993 | D:3      | Found Butramn's Assorted Antiques.
  2004 | D:3      | Bought a scroll labelled QEJAET VIDO for 20 gold pieces
  2004 | D:3      | Bought a scroll labelled SUTEIP TUDAYMM for 20 gold pieces
  2004 | D:3      | Bought a scroll labelled VATSUM IMEDEKO for 20 gold pieces
  2004 | D:3      | Bought a scroll labelled SUTEIP TUDAYMM for 20 gold pieces
  2133 | D:3      | Reached XP level 5. HP: 35/42 MP: 5/5
  2597 | D:4      | Reached skill level 4 in Fighting
  2821 | D:4      | Noticed Eustachio
  2876 | D:5      | Entered Level 5 of the Dungeon
  2876 | D:5      | Noticed Duvessa
  2876 | D:5      | Noticed Dowan
  2924 | D:4      | Killed Eustachio
  2925 | D:4      | Reached skill level 5 in Long Blades
  2925 | D:4      | Reached skill level 3 in Armour
  2925 | D:4      | Reached XP level 6. HP: 36/49 MP: 6/6
  3005 | D:4      | Reached skill level 2 in Throwing
  3006 | D:4      | Reached skill level 3 in Dodging
  3009 | D:4      | Identified the +1 sling of Change {heavy, rF+ Str-3 Int+3
                  | Stlth+}
  3316 | D:4      | Reached XP level 7. HP: 54/55 MP: 7/7
  3372 | D:5      | Found a sparkling altar of Nemelex Xobeh.
  3452 | D:5      | Found a staircase to the Ecumenical Temple.
  3465 | Temple   | Entered the Ecumenical Temple
  3667 | D:5      | Reached skill level 6 in Long Blades
  3920 | D:5      | Noticed Menkaure
  3924 | D:5      | Killed Menkaure
  3925 | D:5      | Reached skill level 4 in Dodging
  4054 | D:5      | Mangled by an ice beast

Illustrated notes

Levels and vault maps discovered:
D:1:      nagdon_arrival_double_spiral, layout_basic,
          amcnicky_mini_corridor_feature
D:2:      layout_loops_ring, dreamdust_ecumenical_altar_sealed_demon, uniq_robin
D:3:      layout_basic, serial_shops, nicolae_shop_statue_plus
D:4:      layout_basic, minivault_25, minivault_4, glass_columns_c,
          uniq_eustachio
D:5:      minmay_diamond_boxcup, layout_layer_cave, mainiacjoe_overflow_swirl,
          minmay_temple_entry_statues, uniq_duvessa, uniq_menkaure
Temple:   minmay_crystal_spiral_temple

Skill      XL: |  1  2  3  4  5  6  7 |
---------------+----------------------+-----
Dodging        | 1 2 3 4 |  4.1
Long Blades    | 3 4 5 6 |  6.4
Throwing       | 1 2 |  2.9
Fighting       | 4 |  4.9
Armour         | 3 |  3.3
Shields        | |  3.0

Action                     |  1- 3 |  4- 6 |  7- 9 || total
---------------------------+-------+-------+-------++-------
  Melee: Long sword        |   125 |   172 |       ||   297
         Falchion          |       |    31 |    38 ||    69
         Tailslap          |       |     1 |       ||     1
  Throw: Javelin           |       |     6 |       ||     6
         Dart              |       |     2 |       ||     2
         Boomerang         |       |     2 |       ||     2
    Use: Scroll            |       |       |     1 ||     1
 Armour: Scale mail        |    81 |    92 |    24 ||   197
  Dodge: Dodged            |    78 |   117 |    29 ||   224
  Block: Buckler           |    43 |    48 |    12 ||   103

Table legend: (Time is in decaauts)
 A = Elapsed time spent in this place.
 B = Non-inter-level travel time spent in this place.
 C = Inter-level travel time spent in this place.
 D = Time resting spent in this place.
 E = Time spent auto-exploring this place.
 F = Levels seen in this place.
 G = Mean time per level.
                   A        B        C        D        E       F      G
               +--------+--------+--------+--------+--------+-----+--------+
         Total |   4122 |   3938 |    184 |    391 |   2531 |   6 |  687.0 |
       Dungeon |   3926 |   3826 |    100 |    391 |   2459 |   5 |  785.2 |
        Temple |    196 |    112 |     84 |      0 |     72 |   1 |  196.0 |
               +--------+--------+--------+--------+--------+-----+--------+

Top non-repeatable levels by time:
     D:2: 982 daAuts
     D:4: 826 daAuts
     D:3: 819 daAuts
     D:1: 764 daAuts
     D:5: 533 daAuts
  Temple: 196 daAuts
